 Dungeon Crawl Stone Soup version 0.27-a0-951-gae3e1deef5 (webtiles) character file.

Game seed: 3533390813863556701

21853 jasper the Cleaver (level 12, -6/103 HPs)
             Began as a Demonspawn Artificer on Apr 11, 2021.
             Was a High Priest of Ashenzari.
             Mangled by Jorgrun
             ... wielding a staff of earth
              (13 damage)
             ... on level 1 of the Orcish Mines.
             The game lasted 00:35:27 (19145 turns).

jasper the Cleaver (Demonspawn Artificer)          Turns: 19145, Time: 00:35:28

Health: -6/103     AC: 26    Str: 16    XL:     12   Next: 57%
Magic:  12/12      EV: 17    Int: 13    God:    Ashenzari [*****.]
Gold:   848        SH: 17    Dex: 15    Spells: 4/11 levels left

rFire    . . .     SeeInvis +   w - +0 war axe of the Lashed Mysticism {Fort, Bglg} (curse)
rCold    . . .     Faith    .   I - +5 kite shield of Ashenzari's Omission {rN++, Cun, Fort} (curse)
rNeg     + + .     Spirit   .   c - +3 leather armour "Paranoia of Ashenzari" {Bglg, Fort} (curse)
rPois    +         Reflect  .   x - +0 hat of Panopticon {Evo, Bglg} (curse)
rElec    .         Harm     .   E - +0 cloak of Ashenzari's Burden {Bglg, Fort} (curse)
rCorr    .         Rampage  .   N - +0 pair of gloves "Overhang to Understand" {Evo, Cun} (curse)
Will     .....     Clarity  +   T - +0 pair of boots "Esoteric Foul Odors" {Evo, Fort} (curse)
Stlth    ++........             (no amulet)
HPRegen  0.27/turn              q - ring of Ashenzari's Vexation {AC+4, Elem, Fort} (curse)
MPRegen  0.13/turn              U - ring of the Celestial God {rPois, Self, Fort} (curse)

@: agile, grasped by roots, sanguine armoured, constricted
A: horns 2, icemail 1, powered by pain 2, sanguine armour 1, condensation shield
a: Renounce Religion, Curse Item, Shatter the Chains


You were on level 1 of the Orcish Mines.
You worshipped Ashenzari.
Ashenzari was extremely pleased with you.
You visited 4 branches of the dungeon, and saw 17 of its levels.

You collected 848 gold pieces.

Inventory:

Hand Weapons
 a - a +0 club
 g - a +0 quarterstaff
 i - a +1 short sword of protection
 l - a +0 hand axe
 n - a +2 whip of flaming
 t - a +2 mace of venom
 w - the cursed +0 war axe of the Lashed Mysticism (weapon) {Fort, Bglg}
   (You found it on level 5 of the Dungeon)

   It has a curse which improves the following skills: Fortitude: Armour and
   Shields.
   Beguiling: Conjurations, Hexes and Translocations.
Missiles
 f - 46 poisoned darts
 o - 451 stones
 s - a javelin
 z - 6 boomerangs (quivered)
 G - 2 throwing nets
 J - 2 curare-tipped darts
Armour
 c - the cursed +3 leather armour "Paranoia of Ashenzari" (worn) {Bglg, Fort}
   (You took it off an orc on level 3 of the Dungeon)

   It has a curse which improves the following skills: Beguiling: Conjurations,
   Hexes and Translocations.
   Fortitude: Armour and Shields.
 x - the cursed +0 hat of Panopticon (worn) {Evo, Bglg}
   (You found it on level 6 of the Dungeon)

   It has a curse which improves the following skills: Evocations: Evocations.
   Beguiling: Conjurations, Hexes and Translocations.
 E - the cursed +0 cloak of Ashenzari's Burden (worn) {Bglg, Fort}
   (You took it off Crazy Yiuf on level 2 of the Dungeon)

   It has a curse which improves the following skills: Beguiling: Conjurations,
   Hexes and Translocations.
   Fortitude: Armour and Shields.
 I - the cursed +5 kite shield of Ashenzari's Omission (worn) {rN++, Cun, Fort}
   (You found it on level 8 of the Dungeon)

   It greatly protects you from negative energy.
   It has a curse which improves the following skills: Cunning: Dodging and
   Stealth.
   Fortitude: Armour and Shields.
 N - the cursed +0 pair of gloves "Overhang to Understand" (worn) {Evo, Cun}
   (You found it on level 8 of the Dungeon)

   It has a curse which improves the following skills: Evocations: Evocations.
   Cunning:   Dodging and Stealth.
 T - the cursed +0 pair of boots "Esoteric Foul Odors" (worn) {Evo, Fort}
   (You found it on level 11 of the Dungeon)

   It has a curse which improves the following skills: Evocations: Evocations.
   Fortitude: Armour and Shields.
Jewellery
 d - a ring of flight
 j - a +4 ring of protection
 m - a ring of fire
 q - the cursed ring of Ashenzari's Vexation (left hand) {AC+4, Elem, Fort}
   (You took it off a hobgoblin on level 4 of the Dungeon)

   [ring of protection]

   It affects your AC (+4).
   It has a curse which improves the following skills: Elements: Fire Magic, Ice
   Magic, Air Magic and Earth Magic.
   Fortitude: Armour and Shields.
 O - a +6 ring of intelligence
 U - the cursed ring of the Celestial God (right hand) {rPois, Self, Fort}
   (You found it on level 1 of the Lair of Beasts)

   [ring of poison resistance]

   It protects you from poison.
   It has a curse which improves the following skills: Introspection: Fighting
   and Spellcasting.
   Fortitude: Armour and Shields.
Wands
 b - a wand of charming (9)
 e - a wand of random effects (18)
 K - a wand of flame (3)
 M - a wand of digging (3)
Scrolls
 h - 7 scrolls of amnesia
 p - 3 scrolls of enchant armour
 r - 3 scrolls of magic mapping
 u - 3 scrolls of immolation
 v - a scroll of fear
 y - 8 scrolls of teleportation
 B - a scroll of enchant weapon
 H - 2 scrolls of silence
 L - 2 scrolls of fog
 P - a scroll of vulnerability
 R - 2 scrolls of summoning
Potions
 k - 2 potions of flight
 A - 2 potions of brilliance
 C - 2 potions of curing
 D - a potion of cancellation
 F - a potion of ambrosia
 S - a potion of mutation


   Skills:
 * Level 10.2(12.6) Fighting
 + Level 12.6 Axes
 - Level 1.1 Staves
 + Level 6.1(14.5) Armour
 + Level 7.5(11.5) Dodging
 - Level 0.8(2.8) Stealth
 - Level 1.3 Unarmed Combat
 + Level 3.5(9.0) Hexes
 - Level 4.1(9.9) Translocations
 - Level 3.4(8.0) Evocations


You had 4 spell levels left.
You knew the following spells:

 Your Spells              Type           Power      Damage    Failure   Level
a - Blink                 Tloc           N/A        N/A       5%          2
b - Confusing Touch       Hex            23%        N/A       14%         3
c - Passwall              Tmut/Erth      0%         N/A       95%         2

Your spell library contained the following spells:

 Spells                   Type           Power      Damage    Failure   Level
 Corona                   Hex            25%        N/A       4%          1
 Slow                     Hex            23%        N/A       8%          2
 Tukima's Dance           Hex            23%        N/A       14%         3
 Ensorcelled Hibernation  Hex/Ice        24%        N/A       41%         2
 Dazzling Flash           Conj/Hex       26%        N/A       58%         3
 Magic Dart               Conj           8%         1d3       78%         1
 Sandblast                Erth           2%         2d4       86%         1
 Searing Ray              Conj           4%         3d3       89%         2
 Iskenderun's Mystic Bla  Conj/Tloc      14%        2d5       91%         4
 Fulminant Prism          Conj/Hex       6%         3d7       94%         4
 Call Imp                 Summ           0%         N/A       96%         2
 Conjure Flame            Conj/Fire      2%         6-21      99%         3
 Mephitic Cloud           Conj/Pois/Air  1%         N/A       99%         3
 Stone Arrow              Conj/Erth      4%         3d7       99%         3
 Petrify                  Tmut/Erth      0%         N/A       100%        4
 Lee's Rapid Deconstruct  Erth           0%         3d5*      100%        5


Dungeon Overview and Level Annotations

Branches:
Dungeon (12/15)            Temple (1/1) D:4            Lair (3/6) D:11
  Snake (0/4) Lair:2          Orc (1/2) D:11
  Swamp: Lair:2-4    Shoals: Lair:2-4

Altars:
Ashenzari
Cheibriados
Dithmenos
Elyvilon
Fedhas
Gozag
Hepliaklqana
Kikubaaqudgha
Makhleb
Nemelex Xobeh
Okawaru
Qazlal
Ru
Sif Muna
Trog
Uskayaw
Vehumet
Wu Jian
Xom
Yredelemnul
Zin
The Shining One
Beogh

Shops:
D:3 (   D:4 [   D:8 [

Annotations:
D:7 Joseph
D:10 exclusions: 3 doors and 1 more exclusion, Maurice
Lair:3 Rupert
Orc:1 Jorgrun


Innate Abilities, Weirdness & Mutations

You have a pair of horns on your head.
A meltable icy envelope protects you from harm. (AC +4)
You sometimes gain power by taking damage.
When seriously injured, your bleeding wounds create armour. (AC +6)
A meltable shield of frost defends you. (SH +4)


Message History

Jorgrun hits you with a staff of earth!
* * * LOW HITPOINT WARNING * * *
x2 The grasping roots constrict you!
Jorgrun gestures at you while chanting. The iron shot misses you.
The grasping roots constrict you.
Your limbs are stiffening.
You take 12 damage, and have 18/103 hp.
Unknown command.
Blink to where?
Press: ? - help, Dir - move target You escape the roots' grasp.
As you read the scroll of blinking, it crumbles to dust.
Jorgrun casts a spell at you.
Roots burst forth from the earth!
The grasping roots grab you! The grasping roots constrict you.
You have turned to stone.
Jorgrun says, "Tha earth be me home, an' ye be trespassing!"
The roots lose their grip on you.
Some rock shatters into small pieces.
You turn to flesh and can move again.
You regained 2 hp, and now have 20/103 hp.
Unknown command.
Unknown command.
Unknown command.
Unknown command.
Okay, then.
Okay, then.
Jorgrun gestures at you while chanting.
Roots burst forth from the earth!
The grasping roots grab you!
* * * LOW HITPOINT WARNING * * *
The grasping roots constrict you!
You take 10 damage, and have 10/103 hp.
The roots' grasp on you weakens, but your attempt to escape fails.
The grasping roots constrict you.
Okay, then.
Okay, then.
You feel better. Jorgrun hits you with a staff of earth!
* * * LOW HITPOINT WARNING * * *
You die...

###.#....#......#)))......##
######.##.................##
###....#..................#
##....##.............#.#.##
#....####........#...#####
##..####..............###
##...###...............#
##...####.....#.....#.##
#.....####.@.#####.#####
##....####.g.##########
##...####.....######.##
##...####.......#....#
##..................##
###........#.#..#..##
#...._....##.#######
##........#.####### *
##....))..#*


You could see Jorgrun.

Vanquished Creatures
  Josephine (D:10)
  Erolcha (D:10)
  A boulder beetle (D:9)
  2 ogre magi (D:11)
  3 death yaks (D:11)
  A skeletal warrior (D:11)
  Pikel (D:3)
  2 cane toads (Lair:3)
  2 rime drakes
  3 komodo dragons (Lair:1)
  Prince Ribbit (D:4)
  A polar bear (Lair:2)
  9 blink frogs
  Grinder (D:4)
  2 shadows (D:11)
  4 wraiths (D:10)
  Sigmund (D:4)
  A wyvern (Lair:3)
  23 yaks
  A steam dragon (D:8)
  A vampire (D:10)
  Menkaure (D:4)
  3 wargs (Orc:1)
  An acid dragon (D:7)
  3 nagas (Lair:2)
  7 water moccasins
  4 orc warriors
  An ice beast (D:8)
  6 sky beasts
  A black bear (D:6)
  2 ogres
  3 wolves (Lair:1)
  2 necrophages
  A phantom (D:6)
  4 centaurs
  3 kobold brigands
  6 bullfrogs
  A wyvern zombie (D:6)
  5 scorpions
  A water moccasin zombie (D:7)
  A wyvern skeleton (D:7)
  2 water moccasin skeletons
  8 killer bees
  A wight (D:4)
  An electric eel (Lair:1)
  2 bullfrog zombies (D:6)
  A centaur skeleton (D:7)
  2 centaur zombies
  4 jellies
  2 orc priests
  Crazy Yiuf (D:2)
  2 gnoll shamans
  3 hounds
  2 bullfrog skeletons
  Ijyb (D:4)
  2 iguanas
  8 orc wizards
  A killer bee zombie (D:5)
  2 howler monkey skeletons
  2 howler monkey zombies
  5 gnolls
  9 adders
  A white imp (D:6)
  An ufetubus (D:6)
  An adder skeleton (D:4)
  2 dart slugs
  29 orcs
  7 ball pythons
  3 endoplasms
  A giant cockroach (D:3)
  4 goblins
  10 hobgoblins
  5 jackals
  18 kobolds
  2 quokkas
  15 bats
  3 frilled lizards
  4 rats
285 creatures vanquished.

Vanquished Creatures (collateral kills)
  A kobold demonologist (D:10)
  3 wights (D:4)
  An adder (D:4)
  2 gnolls (D:4)
7 creatures vanquished.

Vanquished Creatures (others)
  An adder (D:4)
  A hobgoblin (D:4)
  10 fungi
  10 plants
22 creatures vanquished.

Grand Total: 314 creatures vanquished

Notes
Turn   | Place    | Note
-------+----------+-------------------------------------------
     0 | D:1      | jasper the Demonspawn Artificer began the quest for the
                  | Orb.
     0 | D:1      | Reached XP level 1. HP: 15/15 MP: 1/1
   171 | D:1      | Reached skill level 1 in Dodging
   279 | D:1      | Gained mutation: A meltable shield of frost defends you.
                  | (SH +4) [demonic ancestry]
   279 | D:1      | Reached XP level 2. HP: 21/21 MP: 2/2
   532 | D:1      | Reached skill level 1 in Unarmed Combat
   830 | D:1      | Found a faded altar of an unknown god.
  1268 | D:2      | Found a blossoming altar of Fedhas.
  1421 | D:2      | Gained mutation: You have a pair of small horns on your
                  | head. [demonic ancestry]
  1421 | D:2      | Reached XP level 3. HP: 19/26 MP: 3/3
  1731 | D:3      | Reached skill level 1 in Staves
  1739 | D:3      | Gained mutation: A meltable icy envelope protects you from
                  | harm. (AC +4) [demonic ancestry]
  1739 | D:3      | Reached XP level 4. HP: 24/33 MP: 4/4
  1956 | D:3      | Found Qytesur's Weapon Emporium.
  2183 | D:2      | You fall into a shaft and drop 1 floor!
  2242 | D:3      | Reached XP level 5. HP: 38/40 MP: 5/5
  2620 | D:2      | Found a runed translucent door.
  2685 | D:2      | Noticed Crazy Yiuf
  3237 | D:3      | Found a stormy altar of Qazlal.
  3348 | D:4      | Noticed a lemure
  3348 | D:4      | Noticed a lemure
  3349 | D:4      | Noticed a lemure
  3356 | D:4      | Noticed Pikel
  3382 | D:3      | Killed Pikel
  3383 | D:3      | Reached skill level 4 in Axes
  3383 | D:3      | Gained mutation: You sometimes gain a little power by
                  | taking damage. [demonic ancestry]
  3383 | D:3      | Reached XP level 6. HP: 19/47 MP: 6/6
  3383 | D:3      | Reached XP level 7. HP: 21/52 MP: 7/7
  3571 | D:4      | Found a staircase to the Ecumenical Temple.
  3585 | Temple   | Entered the Ecumenical Temple
  3687 | Temple   | Became a worshipper of Ashenzari the Shackled
  4144 | D:4      | Noticed Sigmund
  4145 | D:4      | Noticed Menkaure
  4158 | D:4      | Killed Menkaure
  4159 | D:4      | Reached skill level 5 in Axes
  4164 | D:5      | Entered Level 5 of the Dungeon
  4358 | D:5      | Reached skill level 6 in Axes
  4757 | D:5      | Gained mutation: You have a pair of horns on your head.
                  | [demonic ancestry]
  4757 | D:5      | Reached XP level 8. HP: 57/58 MP: 8/8
  4982 | D:5      | Noticed Prince Ribbit
  5197 | D:5      | Reached skill level 7 in Axes
  5331 | D:5      | Learned a level 2 spell: Blink
  5954 | D:6      | Reached * piety under Ashenzari
  6037 | D:6      | Reached skill level 8 in Axes
  6206 | D:6      | Reached skill level 9 in Axes
  6224 | D:6      | Reached XP level 9. HP: 37/63 MP: 9/9
  6423 | D:4      | Killed Sigmund
  6800 | D:4      | Killed Prince Ribbit
  6801 | D:4      | Reached skill level 10 in Axes
  6806 | D:4      | Noticed Ijyb
  6973 | D:4      | Found Caozom's Armour Shoppe.
  7001 | D:4      | Killed Ijyb
  7204 | D:4      | Noticed Grinder
  7217 | D:4      | Killed Grinder
  7599 | D:6      | Found an iron altar of Okawaru.
  7812 | D:6      | Reached ** piety under Ashenzari
  9067 | D:7      | Noticed Joseph
  9069 | D:7      | Gained mutation: You sometimes gain power by taking damage.
                  | [demonic ancestry]
  9069 | D:7      | Reached XP level 10. HP: 50/72 MP: 10/10
  9095 | D:7      | Identified the cursed +0 war axe of the Lashed Mysticism
                  | {Fort, Bglg} (You found it on level 5 of the Dungeon)
  9095 | D:7      | Identified the cursed +3 leather armour "Paranoia of
                  | Ashenzari" {Bglg, Fort} (You took it off an orc on level 3
                  | of the Dungeon)
  9095 | D:7      | Identified the cursed ring of Ashenzari's Vexation {AC+4,
                  | Elem, Fort} (You took it off a hobgoblin on level 4 of the
                  | Dungeon)
  9095 | D:7      | Identified the cursed ring of Ashenzari's Boredom {Dex+6,
                  | Alch, Range} (You found it on level 5 of the Dungeon)
  9281 | D:8      | Reached skill level 11 in Axes
  9752 | D:8      | Found Akusaxupn's Armour Boutique.
  9753 | D:8      | Identified the +5 kite shield of the Garden {rN++}
  9851 | D:8      | Found an ancient bone altar of Kikubaaqudgha.
  9922 | D:8      | Reached *** piety under Ashenzari
 10229 | D:8      | Reached skill level 5 in Fighting
 10734 | D:9      | Found an opulent altar of Gozag.
 10747 | D:9      | Identified the +6 spear of Power {venom, rPois}
 10798 | D:9      | Noticed a boulder beetle
 11419 | D:7      | Reached **** piety under Ashenzari
 11421 | D:7      | Found a basalt altar of Yredelemnul.
 11423 | D:7      | Noticed a profane servitor
 11434 | D:7      | Noticed an angel
 11901 | D:2      | Killed Crazy Yiuf
 12101 | D:10     | Entered Level 10 of the Dungeon
 12108 | D:10     | Reached skill level 5 in Dodging
 12371 | D:10     | Noticed a six-headed hydra
 12447 | D:10     | Reached skill level 1 in Translocations
 12481 | D:10     | Noticed Josephine
 12493 | D:10     | Killed Josephine
 12533 | D:10     | Noticed Maurice
 12538 | D:10     | Noticed a sun demon
 12888 | D:10     | Noticed Erolcha
 12906 | D:10     | Killed Erolcha
 12907 | D:10     | Gained mutation: When seriously injured, your bleeding
                  | wounds create armour. (AC +6) [demonic ancestry]
 12907 | D:10     | Reached XP level 11. HP: 22/83 MP: 11/11
 13201 | D:10     | Found a hide-covered altar of Uskayaw.
 13300 | D:11     | Noticed a death yak
 13301 | D:11     | Found a staircase to the Lair.
 13302 | D:11     | Noticed a death yak
 13319 | D:11     | Noticed a death yak
 13327 | D:11     | Killed a death yak
 13339 | D:11     | Killed a death yak
 13347 | D:11     | Killed a death yak
 13820 | D:11     | Noticed a centaur warrior
 13824 | D:11     | Noticed a skeletal warrior
 13856 | D:11     | Killed a skeletal warrior
 13857 | D:11     | Reached skill level 12 in Axes
 13891 | Lair:1   | Entered Level 1 of the Lair of Beasts
 13894 | Lair:1   | Reached ***** piety under Ashenzari
 15400 | Lair:1   | Learned a level 3 spell: Confusing Touch
 15650 | Lair:2   | Found a staircase to the Snake Pit.
 15663 | Lair:2   | Reached skill level 5 in Armour
 15975 | Lair:2   | Identified the +8 quarterstaff of Ybipso {vorpal, *Rage rN+
                  | MP+9 Int+8}
 16076 | Lair:2   | Reached skill level 1 in Hexes
 16533 | Lair:2   | Identified the +1 pair of gloves "Ijyrph" {Harm Drain
                  | +Blink rF- Slay+6}
 16841 | Lair:3   | Reached XP level 12. HP: 86/100 MP: 12/12
 17150 | Lair:3   | Identified the +4 hand crossbow of Jeirurom {vorpal, Dex+4}
 17485 | Lair:3   | Noticed Rupert
 17576 | D:11     | Learned a level 2 spell: Passwall
 17593 | D:12     | Noticed an ogre mage
 17593 | D:12     | Noticed a fire dragon
 17593 | D:12     | Noticed a boulder beetle
 17593 | D:12     | Noticed a boulder beetle
 17593 | D:12     | Noticed a centaur warrior
 18131 | D:9      | Killed a boulder beetle
 18439 | D:11     | Noticed an ogre mage
 18456 | D:11     | Killed an ogre mage
 18478 | D:11     | Noticed an ogre mage
 18491 | D:11     | Killed an ogre mage
 18492 | D:11     | Reached skill level 10 in Fighting
 18509 | D:11     | Noticed an eight-headed hydra
 18510 | D:11     | Noticed a tengu warrior
 18772 | D:11     | Found a staircase to the Orcish Mines.
 18780 | Orc:1    | Entered Level 1 of the Orcish Mines
 19100 | Orc:1    | Noticed Jorgrun
 19145 | Orc:1    | Mangled by Jorgrun

Illustrated notes

Levels and vault maps discovered:
D:1:      lightli_arrival_quake, layout_basic,
          chequers_ecumenical_altar_simple_redux
D:2:      layout_loops_ring, basic_altar, uniq_crazy_yiuf_cottage
D:3:      layout_rooms, nicolae_qazlal_eye_of_the_storm, serial_shops,
          nicolae_shop_stone
D:4:      layout_loops_ring, minmay_temple_entry_waves, serial_shops,
          nicolae_shop_trees, hangedman_abyss_or_decor_jellyfish_corner,
          uniq_sigmund, uniq_pikel, uniq_ijyb, uniq_menkaure, uniq_grinder
D:5:      layout_loops_corners, uniq_prince_ribbit1
D:6:      layout_loops_ring, lemuel_round_altar, roderic_batcave,
          minmay_joined_circles
D:7:      layout_loops_cross, grunt_temple_overflow_holy_war, uniq_joseph
D:8:      layout_cave_pools, kiku_gazebo_garden_becter, lemuel_round_altar,
          serial_shops, shop, hangedman_decor_growths, st_stairs_5
D:9:      layout_cross, general_overflow_altar
D:10:     layout_roguey, nicolae_uskayaw_dance_studio, feat_on_display,
          uniq_josephine, uniq_erolcha, uniq_maurice
D:11:     minmay_inside_and_out, layout_layer_cave, dpeg_lair_monsters
D:12:     minmay_ambush_box, layout_basic, uniq_fannar
Temple:   jpeg_temple_clearing
Lair:1:   layout_small_grid, serial_bayou_shore_a
Lair:2:   layout_regular_city, minmay_snake_entry_guardpost_small
Lair:3:   layout_small_grid, minmay_swamp_entry_worms, serial_bayou_lagoon_a,
          infiniplex_staircase_pool, minmay_lair_oklob_chamber, uniq_rupert,
          uniq_gastronok
Orc:1:    cheibrodos_orc_guarddog, layout_caves, basic_altar, uniq_jorgrun

Skill      XL: |  1  2  3  4  5  6  7  8  9 10 11 12 |
---------------+-------------------------------------+-----
Dodging        | 1 2 3 4 5 6 7 |  7.5
Unarmed Combat | 1 |  1.3
Staves         | 1 |  1.1
Fighting       | 2 3 4 6 9 10 | 10.2
Armour         | 3 4 5 6 |  6.1
Axes           | 4 6 9 10 11 12 | 12.6
Translocations | 2 4 |  4.1
Hexes          | 1 3 |  3.5
Stealth        | |  0.8
Evocations     | |  3.4

Action                   |  1- 3 |  4- 6 |  7- 9 | 10-12 || total
-------------------------+-------+-------+-------+-------++-------
Melee: Short sword       |   110 |    88 |       |       ||   198
       Headbutt          |     3 |    11 |    78 |   179 ||   271
       Hand axe          |       |       |    96 |       ||    96
       Punch             |       |       |     4 |       ||     4
       War axe           |       |       |   260 |   721 ||   981
Throw: Stone             |       |     6 |    13 |       ||    19
       Javelin           |       |       |    19 |       ||    19
       Boomerang         |       |       |     2 |    25 ||    27
       Dart              |       |       |    23 |       ||    23
Invok: Curse Item        |       |       |     4 |     6 ||    10
       Shatter the Chain |       |       |       |     1 ||     1
Evoke: Wand              |    15 |     1 |    63 |    26 ||   105
  Use: Scroll            |     5 |       |       |     4 ||     9
       Potion            |       |     4 |     1 |     7 ||    12
 Stab: Sleeping          |       |     1 |     2 |     6 ||     9
       Petrified         |       |       |       |     7 ||     7
       Paralysed         |       |       |       |     5 ||     5
Armor: Ring mail         |    47 |    29 |       |       ||    76
       Leather armour    |       |     6 |   146 |   197 ||   349
Dodge: Dodged            |    48 |    37 |   201 |   295 ||   581
Block: Other             |    14 |    15 |    48 |    10 ||    87
       Kite shield       |       |       |       |   646 ||   646

Table legend: (Time is in decaauts)
 A = Elapsed time spent in this place.
 B = Non-inter-level travel time spent in this place.
 C = Inter-level travel time spent in this place.
 D = Time resting spent in this place.
 E = Time spent auto-exploring this place.
 F = Levels seen in this place.
 G = Mean time per level.
                   A        B        C        D        E       F      G
               +--------+--------+--------+--------+--------+-----+--------+
         Total |  19335 |  17848 |   1487 |   4083 |   9701 |  17 | 1137.4 |
       Dungeon |  15132 |  13795 |   1337 |   3705 |   6738 |  12 | 1261.0 |
        Temple |    119 |     71 |     48 |      0 |     58 |   1 |  119.0 |
          Lair |   3708 |   3606 |    102 |    352 |   2706 |   3 | 1236.0 |
  Orcish Mines |    374 |    374 |      0 |     26 |    199 |   1 |  374.0 |
               +--------+--------+--------+--------+--------+-----+--------+

Top non-repeatable levels by time:
     D:8: 1852 daAuts
     D:5: 1827 daAuts
  Lair:1: 1728 daAuts
     D:2: 1639 daAuts
     D:4: 1638 daAuts
     D:6: 1501 daAuts
    D:10: 1332 daAuts
  Lair:2: 1272 daAuts
    D:11: 1112 daAuts
     D:1: 1106 daAuts
     D:7: 1104 daAuts
     D:3: 1069 daAuts
     D:9: 946 daAuts
  Lair:3: 707 daAuts
   Orc:1: 374 daAuts
